[ PARTIDA AOE2 · #494368491 ]
UnrankedEspañoles vs Muisca
Equipo del jugador · DERR
Equipo rival · VICT
[ ANÁLISIS DE REPETICIÓN · EXTRAÍDO DE LA PARTIDA GRABADA ]
Feudal
9:37
Castillos
24:27
Imperial
42:46
| APM promedio | 43.5 |
| APM pico | 95 |
| eAPM promedio | 25.6 |
| Aldeanos / militares | 267 / 124 |
Foco
⚔️ 30.1% · 🌾 69.9%
Scout Cavalry ×48 · Monk ×44 · Mangonel ×12 · Militia ×8 · Scorpion ×4 · Missionary ×3
Feudal
11:40
Castillos
22:28
Imperial
43:51
| APM promedio | 45.0 |
| APM pico | 84 |
| eAPM promedio | 19.0 |
| Aldeanos / militares | 169 / 25 |
Foco
⚔️ 38.5% · 🌾 61.5%
Unknown (2562) ×206 · Monk ×13 · Trebuchet (Packed) ×12 · Unknown (2586) ×2
Mapa de la partida
Recursos iniciales + cada clic de construcción. Líneas = muros · curvas = relieve. ◆ oro · ⬟ piedra · ● bayas · ✦ reliquia · ◌ hueco del cierre
Tu base· Abierta — flanco sin cerrar
Base de howdoyouturnthison· Abierta — flanco sin cerrar
Terreno inicial suavizado · ◌ = hueco del cierre detectado · pasá el cursor para detalles
Inputs por minuto
— botas.el.gato - - howdoyouturnthison
Build order — botas.el.gato
Primeras 150 de 714 acciones detectadas
| 0:01 | Crear | Villager (Male) |
| 0:01 | Crear | Villager (Male) |
| 0:01 | Crear | Villager (Male) |
| 0:02 | Construir | House |
| 0:04 | Construir | House |
| 0:08 | Crear | Villager (Male) |
| 0:09 | Crear | Villager (Male) |
| 1:37 | Crear | Villager (Male) |
| 1:51 | Crear | Villager (Male) |
| 2:28 | Crear | Villager (Male) |
| 2:28 | Crear | Villager (Male) |
| 2:35 | Crear | Villager (Male) |
| 2:48 | Construir | Lumber Camp |
| 2:59 | Crear | Villager (Male) |
| 2:59 | Crear | Villager (Male) |
| 3:18 | Crear | Villager (Male) |
| 3:37 | Construir | House |
| 3:44 | Crear | Villager (Male) |
| 4:11 | Crear | Villager (Male) |
| 4:11 | Crear | Villager (Male) |
| 4:40 | Crear | Villager (Male) |
| 4:41 | Crear | Villager (Male) |
| 4:49 | Crear | Villager (Male) |
| 5:32 | Construir | Barracks |
| 6:01 | Construir | House |
| 6:21 | Investigar | Loom |
| 6:43 | Crear | Villager (Male) |
| 7:27 | Investigar | Feudal Age |
| 7:32 | Construir | Mill |
| 7:47 | Crear | Militia |
| 7:47 | Crear | Militia |
| 8:09 | Crear | Militia |
| 8:09 | Crear | Militia |
| 8:30 | Crear | Militia |
| 8:30 | Crear | Militia |
| 9:13 | Crear | Villager (Male) |
| 9:16 | Construir | House |
| 9:36 | Crear | Villager (Male) |
| 9:37 | Edad | Edad Feudal |
| 9:44 | Investigar | Man-at-Arms (upgrade) |
| 9:49 | Construir | Watch Tower |
| 10:02 | Construir | Watch Tower |
| 10:12 | Crear | Villager (Male) |
| 10:15 | Construir | Mining Camp |
| 10:20 | Construir | Mining Camp |
| 10:44 | Crear | Villager (Male) |
| 11:12 | Construir | Outpost |
| 11:14 | Construir | Mining Camp |
| 11:19 | Crear | Villager (Male) |
| 11:52 | Construir | Palisade Wall |
| 11:57 | Crear | Villager (Male) |
| 11:57 | Crear | Villager (Male) |
| 12:09 | Construir | Watch Tower |
| 12:16 | Crear | Villager (Male) |
| 12:58 | Construir | Farm |
| 13:00 | Construir | Farm |
| 13:04 | Crear | Villager (Male) |
| 13:04 | Crear | Villager (Male) |
| 13:08 | Construir | Market |
| 13:38 | Crear | Villager (Male) |
| 14:02 | Construir | Farm |
| 14:05 | Crear | Villager (Male) |
| 14:11 | Crear | Villager (Male) |
| 14:17 | Construir | Watch Tower |
| 14:23 | Crear | Villager (Male) |
| 14:24 | Crear | Villager (Male) |
| 14:24 | Crear | Villager (Male) |
| 14:27 | Construir | Farm |
| 14:36 | Construir | Palisade Wall |
| 14:38 | Construir | Palisade Wall |
| 14:48 | Construir | Palisade Wall |
| 15:11 | Crear | Villager (Male) |
| 15:41 | Crear | Villager (Male) |
| 15:41 | Crear | Villager (Male) |
| 15:55 | Crear | Villager (Male) |
| 15:55 | Crear | Villager (Male) |
| 15:56 | Crear | Villager (Male) |
| 15:58 | Construir | Farm |
| 16:06 | Construir | Watch Tower |
| 16:11 | Construir | Palisade Gate |
| 16:19 | Construir | House |
| 16:21 | Construir | House |
| 16:22 | Construir | Palisade Wall |
| 16:32 | Construir | House |
| 16:33 | Crear | Villager (Male) |
| 16:39 | Construir | House |
| 16:49 | Crear | Villager (Male) |
| 17:22 | Crear | Militia |
| 17:22 | Crear | Militia |
| 17:54 | Crear | Villager (Male) |
| 17:54 | Crear | Villager (Male) |
| 17:55 | Crear | Villager (Male) |
| 18:05 | Construir | House |
| 18:06 | Crear | Villager (Male) |
| 18:10 | Construir | Lumber Camp |
| 18:19 | Construir | Mining Camp |
| 18:50 | Crear | Villager (Male) |
| 19:16 | Crear | Villager (Male) |
| 19:43 | Construir | Outpost |
| 19:50 | Crear | Villager (Male) |
| 20:04 | Construir | House |
| 20:18 | Construir | Watch Tower |
| 20:22 | Construir | House |
| 20:24 | Construir | Palisade Wall |
| 20:26 | Construir | Palisade Wall |
| 20:32 | Construir | Palisade Wall |
| 20:41 | Crear | Villager (Male) |
| 20:53 | Crear | Villager (Male) |
| 21:03 | Crear | Villager (Male) |
| 21:04 | Crear | Villager (Male) |
| 21:09 | Construir | Blacksmith |
| 21:47 | Investigar | Castle Age |
| 21:53 | Construir | Outpost |
| 22:13 | Construir | Palisade Wall |
| 22:30 | Construir | Outpost |
| 22:32 | Construir | Outpost |
| 22:39 | Construir | Outpost |
| 22:42 | Construir | Farm |
| 22:43 | Construir | Farm |
| 23:28 | Construir | Farm |
| 23:48 | Crear | Villager (Male) |
| 24:25 | Crear | Villager (Male) |
| 24:27 | Edad | Edad de los Castillos |
| 24:32 | Construir | Monastery |
| 24:38 | Construir | Monastery |
| 24:43 | Construir | Town Center |
| 24:48 | Construir | Castle |
| 25:18 | Crear | Missionary |
| 25:18 | Crear | Missionary |
| 25:33 | Construir | Outpost |
| 25:36 | Construir | Outpost |
| 25:43 | Construir | Outpost |
| 25:45 | Crear | Villager (Male) |
| 25:46 | Crear | Villager (Male) |
| 26:08 | Crear | Villager (Male) |
| 26:09 | Crear | Villager (Male) |
| 26:09 | Crear | Villager (Male) |
| 26:29 | Construir | Siege Workshop |
| 26:48 | Construir | Outpost |
| 26:51 | Crear | Villager (Male) |
| 26:52 | Crear | Villager (Male) |
| 27:05 | Crear | Scorpion |
| 27:05 | Crear | Scorpion |
| 27:07 | Crear | Scorpion |
| 27:08 | Crear | Scorpion |
| 27:24 | Construir | Outpost |
| 27:29 | Construir | Farm |
| 27:43 | Construir | Farm |
| 27:52 | Crear | Villager (Male) |
| 27:53 | Crear | Villager (Male) |
Build order — howdoyouturnthison
Primeras 150 de 306 acciones detectadas
| 0:01 | Crear | Villager (Male) ×4 |
| 0:03 | Construir | House |
| 0:05 | Construir | House |
| 1:48 | Crear | Villager (Male) |
| 1:49 | Crear | Villager (Male) |
| 2:29 | Crear | Villager (Male) |
| 2:30 | Crear | Villager (Male) |
| 2:50 | Crear | Villager (Male) |
| 2:50 | Crear | Villager (Male) |
| 3:25 | Crear | Villager (Male) ×2 |
| 3:25 | Crear | Villager (Male) ×2 |
| 4:01 | Crear | Villager (Male) ×3 |
| 4:01 | Crear | Villager (Male) ×3 |
| 5:12 | Construir | Settlement |
| 5:16 | Crear | Villager (Male) ×2 |
| 5:16 | Crear | Villager (Male) ×2 |
| 5:36 | Investigar | Loom |
| 5:51 | Crear | Villager (Male) ×2 |
| 5:51 | Crear | Villager (Male) ×2 |
| 6:26 | Crear | Villager (Male) ×2 |
| 6:27 | Crear | Villager (Male) ×2 |
| 6:51 | Crear | Villager (Male) ×4 |
| 7:25 | Construir | Settlement |
| 7:27 | Construir | Palisade Wall |
| 7:28 | Construir | Palisade Wall |
| 7:31 | Construir | Palisade Wall |
| 7:34 | Construir | Palisade Wall |
| 7:42 | Construir | House |
| 7:50 | Crear | Villager (Male) ×4 |
| 8:35 | Construir | House |
| 8:39 | Construir | Palisade Wall |
| 8:39 | Construir | Palisade Wall |
| 8:40 | Construir | Palisade Wall |
| 9:30 | Investigar | Feudal Age |
| 10:15 | Construir | Palisade Wall |
| 10:16 | Construir | Palisade Wall |
| 10:22 | Construir | House |
| 10:23 | Construir | Palisade Wall |
| 10:26 | Construir | House |
| 10:27 | Construir | Palisade Wall |
| 11:12 | Construir | House |
| 11:40 | Edad | Edad Feudal |
| 11:45 | Crear | Villager (Male) |
| 11:45 | Crear | Villager (Male) |
| 12:20 | Crear | Villager (Male) |
| 12:21 | Crear | Villager (Male) |
| 12:25 | Construir | House |
| 12:28 | Construir | Palisade Wall |
| 12:49 | Construir | Watch Tower |
| 13:06 | Construir | Settlement |
| 13:25 | Construir | Market |
| 13:33 | Construir | Blacksmith |
| 13:49 | Crear | Villager (Male) ×5 |
| 13:56 | Investigar | Fletching |
| 14:06 | Crear | Villager (Male) |
| 14:46 | Construir | Market |
| 15:11 | Construir | Stone Wall |
| 15:48 | Crear | Villager (Male) |
| 15:49 | Crear | Villager (Male) |
| 17:55 | Crear | Villager (Male) ×3 |
| 17:55 | Crear | Villager (Male) ×3 |
| 18:00 | Construir | Farm |
| 18:01 | Construir | Farm |
| 18:04 | Construir | Farm |
| 18:18 | Construir | Farm |
| 18:28 | Construir | Farm |
| 19:48 | Investigar | Castle Age |
| 19:57 | Construir | House |
| 20:01 | Construir | House |
| 20:06 | Construir | House |
| 20:09 | Construir | House |
| 20:15 | Construir | House |
| 20:21 | Construir | Palisade Wall |
| 20:34 | Construir | Palisade Wall |
| 20:59 | Construir | Palisade Wall |
| 21:01 | Construir | Palisade Wall |
| 21:09 | Construir | House |
| 21:13 | Construir | House |
| 21:15 | Construir | Palisade Wall |
| 21:20 | Construir | House |
| 22:13 | Crear | Villager (Male) |
| 22:13 | Crear | Villager (Male) |
| 22:28 | Edad | Edad de los Castillos |
| 22:57 | Crear | Villager (Male) |
| 23:24 | Construir | Castle |
| 23:34 | Construir | Castle |
| 23:40 | Crear | Villager (Male) ×2 |
| 23:41 | Crear | Villager (Male) ×2 |
| 24:02 | Construir | Farm |
| 24:04 | Construir | Farm |
| 24:08 | Construir | Farm |
| 24:18 | Crear | Unit 2562 ×2 |
| 24:18 | Crear | Unit 2562 ×2 |
| 24:18 | Crear | Unit 2562 ×2 |
| 25:02 | Construir | Settlement |
| 25:11 | Construir | Farm |
| 25:20 | Crear | Unit 2562 |
| 25:21 | Crear | Unit 2562 |
| 25:45 | Crear | Unit 2562 |
| 25:45 | Crear | Unit 2562 |
| 25:50 | Investigar | Bodkin Arrow |
| 26:21 | Crear | Unit 2562 ×2 |
| 26:21 | Crear | Unit 2562 ×2 |
| 26:24 | Crear | Villager (Male) ×4 |
| 26:24 | Crear | Villager (Male) ×4 |
| 26:37 | Construir | University |
| 26:53 | Crear | Unit 2562 ×2 |
| 26:53 | Crear | Unit 2562 ×2 |
| 26:53 | Crear | Unit 2562 ×2 |
| 26:55 | Crear | Villager (Male) |
| 26:55 | Crear | Villager (Male) |
| 27:04 | Construir | Outpost |
| 27:12 | Crear | Unit 2562 |
| 27:12 | Crear | Unit 2562 |
| 27:32 | Construir | House |
| 27:40 | Crear | Unit 2562 |
| 27:41 | Crear | Unit 2562 |
| 28:13 | Crear | Unit 2562 |
| 28:30 | Investigar | Ballistics |
| 28:30 | Investigar | Ballistics |
| 28:43 | Crear | Unit 2562 |
| 28:43 | Crear | Unit 2562 |
| 28:58 | Crear | Villager (Male) |
| 28:58 | Crear | Villager (Male) |
| 29:23 | Crear | Unit 2562 ×3 |
| 29:24 | Crear | Unit 2562 ×3 |
| 29:46 | Crear | Villager (Male) |
| 29:47 | Crear | Villager (Male) |
| 30:00 | Construir | Monastery |
| 30:08 | Investigar | Double-Bit Axe |
| 30:26 | Construir | Monastery |
| 30:33 | Crear | Unit 2562 |
| 30:33 | Crear | Unit 2562 |
| 30:34 | Crear | Villager (Male) |
| 30:35 | Crear | Villager (Male) |
| 30:49 | Construir | Monastery |
| 30:59 | Investigar | Gold Mining |
| 31:07 | Crear | Villager (Male) |
| 31:09 | Crear | Unit 2562 |
| 31:09 | Crear | Unit 2562 |
| 31:21 | Crear | Unit 2562 |
| 31:22 | Crear | Unit 2562 |
| 31:24 | Crear | Villager (Male) |
| 31:24 | Crear | Villager (Male) |
| 31:27 | Construir | Farm |
| 31:37 | Crear | Monk |
| 31:46 | Construir | House |
| 31:51 | Construir | Outpost |
| 32:07 | Crear | Monk |
| 32:12 | Crear | Villager (Male) |
Cronología de la partida
| 5:32 | botas.el.gato · first_building Barracks |
| 7:27 | howdoyouturnthison · wall_segment Palisade Wall x1 |
| 7:28 | howdoyouturnthison · wall_segment Palisade Wall x1 |
| 7:31 | howdoyouturnthison · wall_segment Palisade Wall x5 |
| 7:34 | howdoyouturnthison · wall_segment Palisade Wall x2 |
| 8:39 | howdoyouturnthison · wall_segment Palisade Wall x1 |
| 8:39 | howdoyouturnthison · wall_segment Palisade Wall x1 |
| 8:40 | howdoyouturnthison · wall_segment Palisade Wall x1 |
| 9:37 | botas.el.gato · age_up feudal |
| 10:15 | howdoyouturnthison · wall_segment Palisade Wall x1 |
| 10:16 | howdoyouturnthison · wall_segment Palisade Wall x1 |
| 10:23 | howdoyouturnthison · wall_segment Palisade Wall x1 |
| 10:27 | howdoyouturnthison · wall_segment Palisade Wall x1 |
| 11:40 | howdoyouturnthison · age_up feudal |
| 11:52 | botas.el.gato · wall_segment Palisade Wall x1 |
| 12:28 | howdoyouturnthison · wall_segment Palisade Wall x1 |
| 14:10 | botas.el.gato · first_market_buy 100 food |
| 14:36 | botas.el.gato · wall_segment Palisade Wall x1 |
| 14:38 | botas.el.gato · wall_segment Palisade Wall x1 |
| 14:48 | botas.el.gato · wall_segment Palisade Wall x1 |
| 15:11 | howdoyouturnthison · wall_segment Stone Wall x1 |
| 16:22 | botas.el.gato · wall_segment Palisade Wall x1 |
| 18:56 | botas.el.gato · first_market_sell 100 wood |
| 19:36 | howdoyouturnthison · first_market_sell 500 stone |
| 19:38 | howdoyouturnthison · first_market_buy 100 food |
| 20:21 | howdoyouturnthison · wall_segment Palisade Wall x1 |
| 20:24 | botas.el.gato · wall_segment Palisade Wall x1 |
| 20:26 | botas.el.gato · wall_segment Palisade Wall x1 |
| 20:32 | botas.el.gato · wall_segment Palisade Wall x1 |
| 20:34 | howdoyouturnthison · wall_segment Palisade Wall x1 |
| 20:59 | howdoyouturnthison · wall_segment Palisade Wall x1 |
| 21:01 | howdoyouturnthison · wall_segment Palisade Wall x1 |
| 21:15 | howdoyouturnthison · wall_segment Palisade Wall x1 |
| 22:13 | botas.el.gato · wall_segment Palisade Wall x1 |
| 22:28 | howdoyouturnthison · age_up castle |
| 23:24 | howdoyouturnthison · first_building Castle |
| 24:27 | botas.el.gato · age_up castle |
| 24:32 | botas.el.gato · first_building Monastery |
| 24:48 | botas.el.gato · first_building Castle |
| 26:29 | botas.el.gato · first_building Siege Workshop |
| 30:00 | howdoyouturnthison · first_building Monastery |
| 33:43 | howdoyouturnthison · wall_segment Palisade Wall x1 |
| 39:58 | botas.el.gato · first_building Archery Range |
| 41:16 | botas.el.gato · first_building Stable |
| 42:46 | botas.el.gato · age_up imperial |
| 43:51 | howdoyouturnthison · age_up imperial |
| 63:41 | howdoyouturnthison · first_building Barracks |
| 74:30 | botas.el.gato · resign |
[ ANÁLISIS IA · 1 CRÉDITO ]
¿Qué pasó realmente en esta partida?
Wolo.gg analiza cada decisión: build order, eco, micro, errores típicos por bracket. Análisis personalizado por WhatsApp o Discord en 30 segundos.
Guía civ
Españoles
Perfil
botas.el.gato